BSA
KALAMAZOO ROYALE WITH CHEESE @ NASHVILLE G-STRINGS
06/28/2028
 
TOP OF THE 1ST
Kalamazoo Royale with Cheese batting - Pitching for Nashville G-Strings : RHP Bennie Jones
Pitching: RHP Bennie Jones
Batting: LHB Tom Blake 0-0: Ball
1-0: Ball
2-0: Called Strike
2-1: Foul Ball, location: 2F
2-2: Strikes out swinging
Batting: LHB Doyle Otterburn 0-0: Ball
1-0: Foul Ball, location: 2F
1-1: Ball
2-1: Ball
3-1: Base on Balls
Batting: RHB Andy Aiton 0-0: Ball
1-0: Ball
2-0: Ball
3-0: Base on Balls
Doyle Otterburn to second
Batting: LHB Donovan Bird 0-0: Ball
1-0: Foul Ball, location: 2F
1-1: Ball
2-1: Ball
3-1: Base on Balls
Doyle Otterburn to third
Andy Aiton to second
Batting: LHB Roberto Sandoval 0-0: Swinging Strike
0-1: Foul Ball, location: 2F
0-2: Ball
1-2: Foul Ball, location: 2F
1-2: Strikes out looking
Batting: LHB Greg Schultz 0-0: Ball
1-0: Fielders Choice at 2nd, 4-6 (Groundball, 4)
Top of the 1st over - 0 run(s), 0 hit(s), 0 error(s), 2 left on base; Kalamazoo 0 - Nashville 0
BOTTOM OF THE 1ST
Nashville G-Strings batting - Pitching for Kalamazoo Royale with Cheese : LHP Lorenzo Sánchez
Pitching: LHP Lorenzo Sánchez
Batting: RHB Javier Deleón 0-0: Ball
1-0: Foul Ball, location: 2F
1-1: Foul Ball, location: 2F
1-2: Ball
2-2: Reached on error, E5 (Groundball, 5L)
Batting: LHB Jesús Núñez 0-0: Called Strike
0-1: Foul Ball, location: 2F
0-2: Ball
1-2: Ball
2-2: Ball
3-2: DOUBLE (Line Drive, 3D)
Javier Deleón scores
Batting: RHB Sergio Márquez 0-0: Ball
1-0: Foul Ball, location: 2F
1-1: Foul Ball, location: 2F
1-2: Ball
2-2: SINGLE (Groundball, 4S) (infield hit)
Jesús Núñez to third
Batting: LHB George Smith 0-0: Ball
1-0: Called Strike
1-1: Called Strike
1-2: Ball
2-2: Strikes out swinging
Batting: RHB Vicente Aguirre 0-0: Foul Ball, location: 2F
0-1: Ball
1-1: Ball
2-1: Grounds into double play, 4-6-3 (Groundball, 34)
Bottom of the 1st over - 1 run(s), 2 hit(s), 1 error(s), 1 left on base; Kalamazoo 0 - Nashville 1
TOP OF THE 2ND
Kalamazoo Royale with Cheese batting - Pitching for Nashville G-Strings : RHP Bennie Jones
Batting: LHB Bill McJannett 0-0: Swinging Strike
0-1: Ball
1-1: Ball
2-1: Fly out, F8 (Flyball, 78M)
Batting: RHB Jorge Márquez 0-0: Ball
1-0: Ball
2-0: Foul Ball, location: 2F
2-1: Ground out 6-3 (Groundball, 6M)
Batting: SHB Jack Fountain 0-0: Ball
1-0: Ball
2-0: Ball
3-0: Base on Balls
Batting: LHB Tom Blake 0-0: Fielders Choice at 2nd, 6-4 (Groundball, 6)
Top of the 2nd over - 0 run(s), 0 hit(s), 0 error(s), 0 left on base; Kalamazoo 0 - Nashville 1
BOTTOM OF THE 2ND
Nashville G-Strings batting - Pitching for Kalamazoo Royale with Cheese : LHP Lorenzo Sánchez
Batting: RHB António Ortega 0-0: Ball
1-0: Called Strike
1-1: Ball
2-1: Ball
3-1: Swinging Strike
3-2: DOUBLE (Line Drive, 5D)
Batting: SHB Martín Medina 0-0: Ball
1-0: Ball
2-0: Called Strike
2-1: Ball
Wild Pitch!
António Ortega to third
3-1: Base on Balls
Batting: RHB Greg King 0-0: Called Strike
0-1: Ball
Martín Medina steals 2nd base
1-1: Ball
2-1: Fly out, F7 (Flyball, 78D)
Runner from 3rd tags up, SCORES, throw made
Batting: RHB Will Brown 0-0: Called Strike
0-1: Ball
1-1: Swinging Strike
1-2: Ball
2-2: Fly out, F6 (Line Drive, 56)
Batting: RHB Javier Deleón 0-0: Called Strike
0-1: Called Strike
0-2: Strikes out swinging
Bottom of the 2nd over - 1 run(s), 1 hit(s), 0 error(s), 1 left on base; Kalamazoo 0 - Nashville 2
TOP OF THE 3RD
Kalamazoo Royale with Cheese batting - Pitching for Nashville G-Strings : RHP Bennie Jones
Batting: LHB Doyle Otterburn 0-0: Ball
1-0: Ball
2-0: Called Strike
2-1: Foul Ball, location: 2F
2-2: Ball
3-2: Base on Balls
Batting: RHB Andy Aiton 0-0: Fly out, F9 (Flyball, 9LM)
Batting: LHB Donovan Bird 0-0: SINGLE (Groundball, 34D)
Doyle Otterburn to second
Runner from 2nd tries for 3rd, SAFE, throw made to third
Batting: LHB Roberto Sandoval 0-0: Ball
1-0: Ball
2-0: Called Strike
2-1: Ball
3-1: Foul Ball, location: 2F
3-2: Base on Balls
Donovan Bird to second
Batting: LHB Greg Schultz 0-0: Foul Ball, location: 2F
0-1: Called Strike
0-2: Ball
1-2: Foul Ball, location: 2F
1-2: Strikes out swinging
Batting: LHB Bill McJannett 0-0: Swinging Strike
0-1: Ball
1-1: Foul Ball, location: 2F
1-2: Strikes out swinging
Top of the 3rd over - 0 run(s), 1 hit(s), 0 error(s), 3 left on base; Kalamazoo 0 - Nashville 2
BOTTOM OF THE 3RD
Nashville G-Strings batting - Pitching for Kalamazoo Royale with Cheese : LHP Lorenzo Sánchez
Batting: LHB Jesús Núñez 0-0: Called Strike
0-1: Foul Ball, location: 2F
0-2: Strikes out looking
Batting: RHB Sergio Márquez 0-0: Foul Ball, location: 2F
0-1: Swinging Strike
0-2: Foul Ball, location: 2F
0-2: Foul Ball, location: 2F
0-2: Ball
1-2: Foul Ball, location: 2F
1-2: Ball
2-2: Reached on error, E6 (Groundball, 56)
Batting: LHB George Smith 0-0: Foul Ball, location: 2F
0-1: Ball
1-1: Fly out, F8 (Flyball, 8LM)
Batting: RHB Vicente Aguirre 0-0: Ball
Wild Pitch!
Sergio Márquez to second
1-0: Foul Ball, location: 2F
1-1: Ball
2-1: Foul Ball, location: 2F
2-2: Foul Ball, location: 2F
2-2: Strikes out swinging
Bottom of the 3rd over - 0 run(s), 0 hit(s), 1 error(s), 1 left on base; Kalamazoo 0 - Nashville 2
TOP OF THE 4TH
Kalamazoo Royale with Cheese batting - Pitching for Nashville G-Strings : RHP Bennie Jones
Batting: RHB Jorge Márquez 0-0: Ball
1-0: Foul Ball, location: 2F
1-1: Fly out, F2 (Popup, 3S)
Batting: SHB Jack Fountain 0-0: Swinging Strike
0-1: Ball
1-1: Ball
2-1: Called Strike
2-2: Ball
3-2: Strikes out swinging
Batting: LHB Tom Blake 0-0: Ball
1-0: SINGLE (Groundball, 6M) (infield hit)
Batting: LHB Doyle Otterburn 0-0: Ball
1-0: Foul Ball, location: 2F
1-1: Ball
2-1: Foul Ball, location: 2F
2-2: Ball
3-2: Ground out U3 (Groundball, 34S)
Top of the 4th over - 0 run(s), 1 hit(s), 0 error(s), 1 left on base; Kalamazoo 0 - Nashville 2
BOTTOM OF THE 4TH
Nashville G-Strings batting - Pitching for Kalamazoo Royale with Cheese : LHP Lorenzo Sánchez
Batting: RHB António Ortega 0-0: Swinging Strike
0-1: Swinging Strike
0-2: Hit by Pitch
Batting: SHB Martín Medina 0-0: SINGLE (Groundball, 56D)
António Ortega to second
Batting: RHB Greg King 0-0: Ball
1-0: Ground out 5-3 (Groundball, 56S)
António Ortega to third
Martín Medina to second
Batting: RHB Will Brown 0-0: Foul Ball, location: 2F
0-1: Foul Ball, location: 2F
0-2: Foul Ball, location: 2F
0-2: Foul Ball, location: 2F
0-2: Ball
1-2: 3-RUN HOME RUN (Flyball, 78XD), Distance : 421 ft
Batting: RHB Javier Deleón 0-0: Ball
1-0: Ball
2-0: Ball
3-0: Called Strike
3-1: Base on Balls
Batting: LHB Jesús Núñez 0-0: Foul Ball, location: 2F
0-1: Ball
1-1: Ball
2-1: Swinging Strike
2-2: Ball
3-2: Foul Ball, location: 2F
3-2: Foul Ball, location: 2F
3-2: Strikes out swinging
Pitching: LHP Terry Klassen
Batting: RHB Sergio Márquez 0-0: SINGLE (Groundball, 4D)
Javier Deleón to second
Runner from 2nd tries for 3rd, SAFE, throw made to third
Batting: LHB George Smith 0-0: Fly out, F7 (Flyball, 7LM)
Bottom of the 4th over - 3 run(s), 3 hit(s), 0 error(s), 2 left on base; Kalamazoo 0 - Nashville 5
TOP OF THE 5TH
Kalamazoo Royale with Cheese batting - Pitching for Nashville G-Strings : RHP Bennie Jones
Batting: RHB Andy Aiton 0-0: Foul Ball, location: 2F
0-1: Ground out 4-3 (Groundball, 4)
Batting: LHB Donovan Bird 0-0: Ball
1-0: Swinging Strike
1-1: Foul Ball, location: 2F
1-2: Foul Ball, location: 2F
1-2: Foul Ball, location: 2F
1-2: Ground out 3-1 (Groundball, 34)
Batting: LHB Roberto Sandoval 0-0: Foul Ball, location: 2F
0-1: Ball
1-1: Ball
2-1: Ground out 4-3 (Groundball, 34)
Top of the 5th over - 0 run(s), 0 hit(s), 0 error(s), 0 left on base; Kalamazoo 0 - Nashville 5
BOTTOM OF THE 5TH
Nashville G-Strings batting - Pitching for Kalamazoo Royale with Cheese : LHP Terry Klassen
Batting: RHB Vicente Aguirre 0-0: Ball
1-0: Foul Ball, location: 2F
1-1: Called Strike
1-2: Ball
2-2: SINGLE (Line Drive, 34D)
Batting: RHB António Ortega 0-0: Fielders Choice at 2nd, 1-6 (Groundball, P)
Batting: SHB Martín Medina 0-0: Called Strike
0-1: Ball
1-1: Foul Ball, location: 2F
1-2: Ball
2-2: Strikes out swinging
Batting: RHB Greg King 0-0: Ball
1-0: Ball
2-0: Foul Ball, location: 2F
2-1: DOUBLE (Popup, 56D)
António Ortega to third
Batting: RHB Will Brown 0-0: Called Strike
0-1: Foul Ball, location: 2F
0-2: Strikes out swinging
Bottom of the 5th over - 0 run(s), 2 hit(s), 0 error(s), 2 left on base; Kalamazoo 0 - Nashville 5
TOP OF THE 6TH
Kalamazoo Royale with Cheese batting - Pitching for Nashville G-Strings : RHP Bennie Jones
Batting: LHB Greg Schultz 0-0: Ground out 5-3 (Groundball, 56)
Batting: LHB Bill McJannett 0-0: Called Strike
0-1: Called Strike
0-2: Ball
1-2: Ball
2-2: TRIPLE (Line Drive, 8RD)
Batting: RHB Jorge Márquez 0-0: Ball
1-0: Called Strike
1-1: Called Strike
1-2: Fly out, F5 (Line Drive, 5D)
Batting: SHB Jack Fountain 0-0: SINGLE (Line Drive, 6MD)
Bill McJannett scores
Batting: LHB Tom Blake 0-0: Foul Ball, location: 2F
0-1: Foul Ball, location: 2F
0-2: Strikes out swinging
Top of the 6th over - 1 run(s), 2 hit(s), 0 error(s), 1 left on base; Kalamazoo 1 - Nashville 5
BOTTOM OF THE 6TH
Nashville G-Strings batting - Pitching for Kalamazoo Royale with Cheese : LHP Terry Klassen
Batting: RHB Javier Deleón 0-0: Called Strike
0-1: Ball
1-1: Ball
2-1: Ball
3-1: Base on Balls
Batting: LHB Jesús Núñez 0-0: Ball
1-0: Called Strike
1-1: Ball
2-1: Ball
Pickoff Throw by Catcher to First - Out!
3-1: Called Strike
3-2: Ground out 4-3 (Groundball, 4S)
Batting: RHB Sergio Márquez 0-0: Swinging Strike
0-1: Ball
1-1: Ball
2-1: Ball
3-1: Base on Balls
Batting: LHB George Smith 0-0: Foul Ball, location: 2F
0-1: Foul Ball, location: 2F
0-2: Strikes out looking
Bottom of the 6th over - 0 run(s), 0 hit(s), 0 error(s), 1 left on base; Kalamazoo 1 - Nashville 5
TOP OF THE 7TH
Kalamazoo Royale with Cheese batting - Pitching for Nashville G-Strings : RHP Bennie Jones
Batting: LHB Doyle Otterburn 0-0: Ball
1-0: Swinging Strike
1-1: Foul Ball, location: 2F
1-2: Ball
2-2: SINGLE (Groundball, 4MD)
Pitching: LHP Raúl Sandoval
Batting: RHB Andy Aiton 0-0: Called Strike
0-1: Ball
1-1: Fly out, F9 (Flyball, 9LS)
Batting: LHB Donovan Bird 0-0: Called Strike
0-1: Ball
1-1: Foul Ball, location: 2F
1-2: Strikes out swinging
Batting: LHB Roberto Sandoval 0-0: Foul Ball, location: 2F
0-1: Ball
1-1: Foul Ball, location: 2F
1-2: Fielders Choice at 2nd, 4-6 (Groundball, 4)
Top of the 7th over - 0 run(s), 1 hit(s), 0 error(s), 0 left on base; Kalamazoo 1 - Nashville 5
BOTTOM OF THE 7TH
Nashville G-Strings batting - Pitching for Kalamazoo Royale with Cheese : LHP Terry Klassen
Batting: RHB Vicente Aguirre 0-0: Ball
1-0: Ground out 5-3 (Groundball, 5L)
Batting: RHB António Ortega 0-0: Called Strike
0-1: Ball
1-1: Swinging Strike
1-2: Ball
2-2: Ground out U3 (Groundball, 34S)
Pitching: RHP Rikiya Sakurai
Batting: SHB Martín Medina 0-0: Foul Ball, location: 2F
0-1: Swinging Strike
0-2: Ball
1-2: Foul Ball, location: 2F
1-2: Ball
2-2: Strikes out swinging
Bottom of the 7th over - 0 run(s), 0 hit(s), 0 error(s), 0 left on base; Kalamazoo 1 - Nashville 5
TOP OF THE 8TH
Kalamazoo Royale with Cheese batting - Pitching for Nashville G-Strings : LHP Raúl Sandoval
Batting: LHB Greg Schultz 0-0: Called Strike
0-1: Ball
1-1: Called Strike
1-2: Ground out 4-3 (Groundball, 34)
Batting: LHB Bill McJannett 0-0: Swinging Strike
0-1: Ball
1-1: Ball
2-1: Foul Ball, location: 2F
2-2: Fly out, F4 (Popup, 34)
Batting: RHB Jorge Márquez 0-0: Foul Ball, location: 2F
0-1: Ball
1-1: Swinging Strike
1-2: SINGLE (Line Drive, 4M)
Batting: SHB Jack Fountain 0-0: Ball
1-0: SINGLE (Line Drive, 56)
Jorge Márquez to second
Batting: LHB Tom Blake 0-0: Foul Ball, location: 2F
0-1: Swinging Strike
0-2: Ball
1-2: Ball
2-2: Strikes out swinging
Top of the 8th over - 0 run(s), 2 hit(s), 0 error(s), 2 left on base; Kalamazoo 1 - Nashville 5
BOTTOM OF THE 8TH
Nashville G-Strings batting - Pitching for Kalamazoo Royale with Cheese : RHP Rikiya Sakurai
Batting: RHB Greg King 0-0: Foul Ball, location: 2F
0-1: DOUBLE (Line Drive, 7LM)
Batting: RHB Will Brown 0-0: Swinging Strike
0-1: Swinging Strike
0-2: Ball
1-2: Foul Ball, location: 2F
1-2: Ball
2-2: Strikes out swinging
Batting: RHB Javier Deleón 0-0: Intentional Walk
Batting: LHB Jesús Núñez 0-0: Called Strike
Greg King steals 3rd base
Javier Deleón to second
0-1: Ground out 4-3 (Groundball, 4D)
Greg King scores
Javier Deleón to third
Batting: RHB Sergio Márquez 0-0: Called Strike
0-1: Called Strike
0-2: Ball
1-2: Foul Ball, location: 2F
1-2: Ball
2-2: Ball
3-2: Strikes out swinging
Bottom of the 8th over - 1 run(s), 1 hit(s), 0 error(s), 1 left on base; Kalamazoo 1 - Nashville 6
TOP OF THE 9TH
Kalamazoo Royale with Cheese batting - Pitching for Nashville G-Strings : LHP Raúl Sandoval
Batting: LHB Doyle Otterburn 0-0: Called Strike
0-1: Ball
1-1: Ball
2-1: Called Strike
2-2: Fly out, F4 (Line Drive, 4D)
Batting: RHB Andy Aiton 0-0: Called Strike
0-1: Called Strike
0-2: DOUBLE (Line Drive, 9LD)
Batting: LHB Donovan Bird 0-0: Called Strike
0-1: Swinging Strike
0-2: Ball
1-2: Foul Ball, location: 2F
1-2: Fly out, F4 (Popup, 4)
Batting: LHB Roberto Sandoval 0-0: Called Strike
0-1: Ball
1-1: Foul Ball, location: 2F
1-2: Foul Ball, location: 2F
1-2: Foul Ball, location: 2F
1-2: Ball
2-2: Fly out, F7 (Line Drive, 7D)
Top of the 9th over - 0 run(s), 1 hit(s), 0 error(s), 1 left on base; Kalamazoo 1 - Nashville 6
Tuesday, August 8th, 2017 - OOTP Baseball 17.12 Build 75